 Dungeon Crawl Stone Soup version 0.30.0-18-gc0e69614cb (webtiles) character file.

Game seed: 6260394332098987722

3616 ChrisAssaf the Blocker (level 10, 0/82 HPs)
             Began as a Gnoll Fighter on May 26, 2023.
             Was a Believer of Nemelex Xobeh.
             Slain by a killer bee (6 damage)
             ... on level 9 of the Dungeon.
             The game lasted 00:25:32 (8260 turns).

ChrisAssaf the Blocker (Gnoll Fighter)              Turns: 8260, Time: 00:25:33

Health: 0/82       AC:  8    Str: 14 (15) XL:     10   Next: 11%
Magic:  26/26      EV: 10    Int:  6 (9)  God:    Nemelex Xobeh [**....]
Gold:   5          SH:  7    Dex: 12 (13) Spells: 16/19 levels left

rFire   . . .        a - +0 war axe
rCold   . . .        c - +1 buckler
rNeg    . . .        b - +0 scale mail
rPois   .            (no helmet)
rElec   .            (no cloak)
rCorr   .            (no gloves)
SInv    .            (no boots)
Will    +....        f - amulet of faith
Stlth   +            t - ring of magical power
HPRegen 0.33/turn    (no ring)
MPRegen 0.20/turn

%: faith
@: hasted, very quick
A: fangs 1, strong nose, distributed training, dopey 1, strong-willed 1,
devolution 1
a: Renounce Religion, Draw Escape, Draw Destruction, Draw Summoning


You were on level 9 of the Dungeon.
You worshipped Nemelex Xobeh.
Nemelex Xobeh was pleased with you.
You visited 2 branches of the dungeon, and saw 10 of its levels.

You collected 514 gold pieces.
You spent 509 gold pieces at shops.

Inventory:

Hand Weapons
 a - a +0 war axe (weapon)
Missiles
 p - 3 atropa-tipped darts
 y - 2 javelins
 C - a boomerang (quivered)
 E - 6 curare-tipped darts
 F - 5 poisoned darts
Armour
 b - a +0 scale mail (worn)
 c - a +1 buckler (worn)
Jewellery
 f - an amulet of faith (around neck)
 t - a ring of magical power (left hand)
Wands
 n - a wand of iceblast (4)
 o - a wand of polymorph (8)
 s - a wand of mindburst (5)
 D - a wand of digging (12)
Scrolls
 d - 4 scrolls of fog
 e - 2 scrolls of immolation
 h - 2 scrolls of amnesia
 j - 3 scrolls of magic mapping
 l - 3 scrolls of teleportation
 w - a scroll of butterflies
 x - 3 scrolls of vulnerability
 z - 2 scrolls of silence {unknown}
Potions
 g - 2 potions of lignification {unknown}
 i - 3 potions of heal wounds
 k - 3 potions of flight
 m - a potion of ambrosia {unknown}
 u - a potion of degeneration
 v - 2 potions of brilliance {unknown}
 A - a potion of magic {unknown}


   Skills:
 + Level 8.4 Fighting
 + Level 5.1 Short Blades
 + Level 5.1 Long Blades
 + Level 7.0 Axes
 + Level 5.1 Maces & Flails
 + Level 5.1 Polearms
 + Level 5.1 Staves
 + Level 5.1 Ranged Weapons
 + Level 5.1 Throwing
 + Level 8.4 Armour
 + Level 5.1 Dodging
 + Level 5.1 Stealth
 + Level 8.4 Shields
 + Level 5.1 Unarmed Combat
 + Level 5.1 Spellcasting
 + Level 4.2 Conjurations
 + Level 4.2 Hexes
 + Level 4.2 Summonings
 + Level 4.2 Necromancy
 + Level 4.2 Translocations
 + Level 4.2 Transmutations
 + Level 4.2 Fire Magic
 + Level 4.2 Ice Magic
 + Level 4.2 Air Magic
 + Level 4.2 Earth Magic
 + Level 4.2 Poison Magic
 + Level 5.6 Invocations
 + Level 5.1 Evocations


You had 16 spell levels left.
You knew the following spells:

 Your Spells              Type           Power      Damage    Failure   Level
a - Ignite Poison         Fire/Tmut/Pois 6%         N/A       56%         3

Your spell library contained the following spells:

 Spells                   Type           Power      Damage    Failure   Level
 Cigotuvi's Dreadful Rot  Necr/Pois/Air  12%        N/A       34%         2
 Freezing Cloud           Conj/Ice/Air   3%         6-21      99%         5
 Simulacrum               Ice/Necr       3%         N/A       100%        6
 Ozocubu's Refrigeration  Ice            3%         4d8       100%        7
 Polar Vortex             Ice            3%         N/A       100%        9


Dungeon Overview and Level Annotations

Branches:
Dungeon (9/15)             Temple (1/1) D:6
   Lair: D:8-11         Orc: D:9-12

Altars:
Ashenzari
Cheibriados
Dithmenos
Elyvilon
Fedhas
Gozag
Hepliaklqana
Kikubaaqudgha
Makhleb
Nemelex Xobeh
Okawaru
Qazlal
Sif Muna
Trog
Uskayaw
Vehumet
Wu Jian
Zin
The Shining One

Shops:
D:5 *   D:8 !*   D:9 (


Innate Abilities, Weirdness & Mutations

You have very sharp teeth.
Your uncanny sense of smell can sniff out nearby items.
Your experience applies equally to all skills.
You are dopey. (Int -2)
You are strong-willed. (Will+)
You have hidden genetic defects.


Message History

You barely miss the killer bee. Your bite misses the killer bee.
The killer bee completely misses you. The killer bee barely misses you.
The killer bee stings you.
* * * LOW HITPOINT WARNING * * *
You are poisoned.
The killer bee poisons you!
Unknown command.
You feel much better.
You feel sick. The killer bee stings you.
* * * LOW HITPOINT WARNING * * *
The killer bee stings you!
* * * LOW HITPOINT WARNING * * *
Unknown command.
It was a potion of degeneration.
There was something very wrong with that liquid.
You feel weakened.
You feel dopey.
You feel clumsy.
You feel sick.
The killer bee stings you but does no damage. x2
You feel sick. You block the killer bee's attack.
You feel sick. You block the killer bee's attack.
You feel sick. The killer bee barely misses you.
You feel sick.
You miss the killer bee. You closely miss the killer bee.
You feel sick.
You are no longer poisoned.
The killer bee stings you but does no damage.
The killer bee stings you.
* * * LOW HITPOINT WARNING * * *
The killer bee stings you.
* * * LOW HITPOINT WARNING * * *
The killer bee stings you.
* * * LOW HITPOINT WARNING * * *
Unknown command.
Aiming: Iceblast
Press: ? - help, Shift-Dir - straight line, f - killer bee
Aim: a killer bee
Okay, then.
You feel yourself speed up. The killer bee stings you.
* * * LOW HITPOINT WARNING * * *
The killer bee stings you.
You die...
Your body disappears without a glow.

#############
. ...........#
#...#..#..#..#
........y@y..#
.########y...#
#y##.# #y##.#
#.##.# #.##.#
# #....# #.
#....#
###.###....#


You could see 5 killer bees.

Vanquished Creatures
  A steam dragon (D:8)
  An acid dragon (D:8)
  4 water moccasins
  3 orc warriors
  A sky beast (D:6)
  3 ogres
  2 centaurs
  A phantom (D:5)
  A kobold brigand (D:8)
  2 bullfrogs
  2 scorpions
  A killer bee (D:9)
  4 howler monkeys
  4 orc priests
  A gnoll bouda (D:7)
  4 hounds
  Ijyb (D:3)
  3 sleepcaps
  An iguana (D:5)
  8 orc wizards
  4 gnolls (D:7)
  2 adders
  4 white imps
  An ufetubus (D:6)
  3 worms
  2 dart slugs
  43 orcs
  4 endoplasms
  6 giant cockroaches
  7 goblins
  5 hobgoblins
  4 jackals
  9 kobolds
  2 quokkas
  8 ball pythons
  3 bats
  4 frilled lizards
  5 rats
164 creatures vanquished.

Vanquished Creatures (collateral kills)
  5 yaks (D:8)
  A howler monkey (D:8)
6 creatures vanquished.

Grand Total: 170 creatures vanquished

Notes
Turn   | Place    | Note
-------+----------+-------------------------------------------
     0 | D:1      | ChrisAssaf the Gnoll Fighter began the quest for the Orb.
     0 | D:1      | Reached XP level 1. HP: 23/23 MP: 1/1
   209 | D:1      | Reached XP level 2. HP: 18/29 MP: 2/2
   707 | D:2      | Reached XP level 3. HP: 35/35 MP: 2/4
   751 | D:3      | Reached skill level 1 in Invocations
   883 | D:3      | You fall into a shaft and drop 1 floor!
   954 | D:4      | Reached skill level 1 in Short Blades
   954 | D:4      | Reached skill level 1 in Long Blades
   954 | D:4      | Reached skill level 1 in Maces & Flails
   954 | D:4      | Reached skill level 1 in Polearms
   954 | D:4      | Reached skill level 1 in Staves
   954 | D:4      | Reached skill level 1 in Ranged Weapons
   954 | D:4      | Reached skill level 1 in Throwing
   954 | D:4      | Reached skill level 1 in Dodging
   954 | D:4      | Reached skill level 1 in Stealth
   954 | D:4      | Reached skill level 1 in Unarmed Combat
   954 | D:4      | Reached skill level 1 in Spellcasting
   954 | D:4      | Reached skill level 1 in Evocations
   954 | D:4      | Reached XP level 4. HP: 34/41 MP: 5/5
   997 | D:4      | Noticed a centaur
  1013 | D:4      | Killed a centaur
  1014 | D:4      | Reached skill level 1 in Conjurations
  1014 | D:4      | Reached skill level 1 in Hexes
  1014 | D:4      | Reached skill level 1 in Summonings
  1014 | D:4      | Reached skill level 1 in Necromancy
  1014 | D:4      | Reached skill level 1 in Translocations
  1014 | D:4      | Reached skill level 1 in Transmutations
  1014 | D:4      | Reached skill level 1 in Fire Magic
  1014 | D:4      | Reached skill level 1 in Ice Magic
  1014 | D:4      | Reached skill level 1 in Air Magic
  1014 | D:4      | Reached skill level 1 in Earth Magic
  1014 | D:4      | Reached skill level 1 in Poison Magic
  1014 | D:4      | Reached XP level 5. HP: 41/47 MP: 5/7
  1378 | D:4      | Noticed an ogre
  1388 | D:4      | Killed an ogre
  1389 | D:4      | Reached skill level 5 in Axes
  1389 | D:4      | Reached XP level 6. HP: 53/53 MP: 8/8
  2096 | D:5      | Entered Level 5 of the Dungeon
  2159 | D:5      | Reached XP level 7. HP: 60/60 MP: 10/10
  2397 | D:5      | Found Cacharudd's CLEARANCE SALE!.
  2473 | D:5      | Bought 3 atropa-tipped darts for 18 gold pieces
  2473 | D:5      | Bought a scroll of identify for 14 gold pieces
  2473 | D:5      | Bought a potion of curing for 21 gold pieces
  3148 | D:6      | Reached XP level 8. HP: 60/67 MP: 12/12
  3181 | D:6      | Learned a level 3 spell: Ignite Poison
  3377 | D:6      | Found a staircase to the Ecumenical Temple.
  3382 | Temple   | Entered the Ecumenical Temple
  3811 | Temple   | Became a worshipper of Nemelex Xobeh the Trickster
  4319 | D:6      | Gained mutation: You occasionally shout uncontrollably at
                  | your foes. [potion of mutation]
  4319 | D:6      | Gained mutation: You sometimes lose your temper in combat.
                  | [potion of mutation]
  4320 | D:6      | Lost mutation: You sometimes lose your temper in combat.
                  | [potion of mutation]
  4320 | D:6      | Lost mutation: You occasionally shout uncontrollably at
                  | your foes. [potion of mutation]
  4320 | D:6      | Gained mutation: Your muscles are strong. (Str +4, Int/Dex
                  | -1) [potion of mutation]
  4320 | D:6      | Gained mutation: Your magical capacity is low. (-10% MP)
                  | [potion of mutation]
  4320 | D:6      | Gained mutation: Your flesh is heat resistant. (rF+)
                  | [potion of mutation]
  4853 | D:3      | Noticed Ijyb
  4859 | D:3      | Killed Ijyb
  5131 | D:3      | Reached * piety under Nemelex Xobeh
  5747 | D:1      | Received a gift from Nemelex Xobeh
  6335 | D:7      | Reached ** piety under Nemelex Xobeh
  6366 | D:7      | Reached XP level 9. HP: 20/73 MP: 13/13
  6947 | D:7      | Found a stormy altar of Qazlal.
  7442 | D:8      | Reached skill level 5 in Invocations
  7701 | D:8      | Found Yfyaqomn's Distillery.
  7750 | D:8      | Bought a potion of curing for 45 gold pieces
  7750 | D:8      | Bought a potion of heal wounds for 75 gold pieces
  7750 | D:8      | Bought 2 potions of curing for 90 gold pieces
  7750 | D:8      | Bought a potion of mutation for 120 gold pieces
  7750 | D:8      | Lost mutation: Your muscles are strong. (Str +4, Int/Dex
                  | -1) [potion of mutation]
  7750 | D:8      | Lost mutation: Your flesh is heat resistant. (rF+) [potion
                  | of mutation]
  7750 | D:8      | Lost mutation: Your magical capacity is low. (-10% MP)
                  | [potion of mutation]
  7750 | D:8      | Gained mutation: You have hidden genetic defects. [potion
                  | of mutation]
  7750 | D:8      | Gained mutation: You are strong-willed. (Will+) [potion of
                  | mutation]
  7793 | D:8      | Reached skill level 5 in Short Blades
  7793 | D:8      | Reached skill level 5 in Long Blades
  7793 | D:8      | Reached skill level 5 in Maces & Flails
  7793 | D:8      | Reached skill level 5 in Polearms
  7793 | D:8      | Reached skill level 5 in Staves
  7793 | D:8      | Reached skill level 5 in Ranged Weapons
  7793 | D:8      | Reached skill level 5 in Throwing
  7793 | D:8      | Reached skill level 5 in Dodging
  7793 | D:8      | Reached skill level 5 in Stealth
  7793 | D:8      | Reached skill level 5 in Unarmed Combat
  7793 | D:8      | Reached skill level 5 in Spellcasting
  7793 | D:8      | Reached skill level 5 in Evocations
  7793 | D:8      | Reached XP level 10. HP: 21/81 MP: 17/17
  7796 | D:8      | Gained mutation: You are dopey. (Int -2) [hidden defects]
  8036 | D:8      | Found Cunn's Serpentskin Sales.
  8040 | D:8      | Bought 5 curare-tipped darts for 84 gold pieces
  8040 | D:8      | Bought 5 poisoned darts for 42 gold pieces
  8189 | D:9      | Noticed a two-headed ogre
  8189 | D:9      | Noticed a seven-headed hydra
  8192 | D:9      | Noticed a fire dragon
  8208 | D:9      | Found Boworch's Weapon Emporium.
  8260 | D:9      | Slain by a killer bee

Illustrated notes

Levels and vault maps discovered:
D:1:      ebering_trefoil_twist, layout_loops_cross, nicolae_titane
D:2:      layout_basic
D:3:      layout_loops_ring, uniq_ijyb
D:4:      layout_loops_corners
D:5:      layout_cave_pods, minmay_misc_feat_enclosed, minivault_23,
          minmay_misc_feat_nine_boxes, minmay_misc_feat_rows, moated_statue,
          reono_crystal_passage, minmay_misc_feat_diagonals,
          nicolae_shop_clearance
D:6:      layout_gridville, minmay_temple_entry_overgrown
D:7:      layout_basic, nicolae_qazlal_style_of_elements
D:8:      layout_cave_pools, serial_shops, shop, guppyfry_shop_venom
D:9:      layout_stronghold, orc_david_3, serial_shops, nicolae_shop_waterfront,
          minmay_ruined_shrine, uniq_maggie, uniq_joseph
Temple:   dpeg_five_rooms_temple

Skill      XL: |  1  2  3  4  5  6  7  8  9 10 |
---------------+-------------------------------+-----
Invocations    | 1 2 3 4 5 |  5.6
Short Blades   | 1 2 3 4 5 |  5.1
Long Blades    | 1 2 3 4 5 |  5.1
Maces & Flails | 1 2 3 4 5 |  5.1
Polearms       | 1 2 3 4 5 |  5.1
Staves         | 1 2 3 4 5 |  5.1
Ranged Weapons | 1 2 3 4 5 |  5.1
Throwing       | 1 2 3 4 5 |  5.1
Dodging        | 1 2 3 4 5 |  5.1
Stealth        | 1 2 3 4 5 |  5.1
Unarmed Combat | 1 2 3 4 5 |  5.1
Spellcasting   | 1 2 3 4 5 |  5.1
Evocations     | 1 2 3 4 5 |  5.1
Conjurations   | 1 2 3 4 |  4.2
Hexes          | 1 2 3 4 |  4.2
Summonings     | 1 2 3 4 |  4.2
Necromancy     | 1 2 3 4 |  4.2
Translocations | 1 2 3 4 |  4.2
Transmutations | 1 2 3 4 |  4.2
Fire Magic     | 1 2 3 4 |  4.2
Ice Magic      | 1 2 3 4 |  4.2
Air Magic      | 1 2 3 4 |  4.2
Earth Magic    | 1 2 3 4 |  4.2
Poison Magic   | 1 2 3 4 |  4.2
Axes           | 5 6 7 |  7.0
Fighting       | 7 8 |  8.4
Armour         | 7 8 |  8.4
Shields        | 7 8 |  8.4

Action                     |  1- 3 |  4- 6 |  7- 9 | 10-12 || total
---------------------------+-------+-------+-------+-------++-------
  Melee: War axe           |    65 |    81 |   343 |    14 ||   503
         Bite              |     7 |     6 |    40 |       ||    53
  Throw: Boomerang         |       |       |    73 |       ||    73
         Dart              |       |       |     1 |       ||     1
 Invoke: Draw Destruction  |       |       |     7 |       ||     7
         Draw Escape       |       |       |     2 |       ||     2
         Draw Summoning    |       |       |     1 |       ||     1
  Evoke: Wand              |       |       |    11 |       ||    11
    Use: Scroll            |     5 |     1 |    12 |     2 ||    20
         Potion            |       |     3 |     7 |     5 ||    15
 Armour: Scale mail        |    29 |    39 |   195 |    19 ||   282
  Dodge: Dodged            |    23 |    33 |   196 |    29 ||   281
  Block: Buckler           |    14 |    21 |   150 |    27 ||   212
